 Dungeon Crawl Stone Soup version 0.30-a0-897-ga2f19c967e (webtiles) character file.

Game seed: 9876208063275180532

205 CrazyBamboolord the Insei (level 5, -3/38 HPs)
             Began as a Merfolk Transmuter on Mar 18, 2023.
             Slain by an orc
             ... wielding a +0 hand axe
              (4 damage)
             ... on level 3 of the Dungeon.
             The game lasted 00:05:36 (2467 turns).

CrazyBamboolord the Insei (Merfolk Transmuter)      Turns: 2467, Time: 00:05:37

Health: -3/38      AC:  3    Str: 10    XL:     5   Next: 83%
Magic:  7/8        EV: 13    Int: 15    God:
Gold:   167        SH:  0    Dex: 14    Spells: 3/9 levels left

rFire   . . .      SeeInvis .      - Unarmed
rCold   . . .      Faith    .    (no shield)
rNeg    . . .      Spirit   .    q - +0 animal skin
rPois   .          Reflect  .    r - melded +0 helmet
rElec   .          Rampage  .    o - +0 cloak
rCorr   .                        (no gloves)
Will    .....                    (boots currently unavailable)
Stlth   ++                       (no amulet)
HPRegen 0.26/turn                (no ring)
MPRegen 0.11/turn                (no ring)

@: appendages
A: horns 2, (nimble swimmer 2), mertail
a: End Transformation


You were on level 3 of the Dungeon.
You had temporarily grown beastly horns.
You visited 1 branch of the dungeon, and saw 3 of its levels.

You collected 206 gold pieces.
You spent 39 gold pieces at shops.

Inventory:

Armour
 a - a +0 robe
 o - a +0 cloak (worn)
 q - a +0 animal skin (worn)
 r - a +0 helmet (melded)
Scrolls
 b - a scroll of noise {unknown}
 c - a scroll of poison
 f - a scroll of identify {unknown}
 g - 2 scrolls of teleportation
 i - 2 scrolls of amnesia
 l - a scroll of enchant armour {unknown}
 m - a scroll of summoning {unknown}
 n - a scroll of fog {unknown}
 s - a scroll of brand weapon {unknown}
 t - a scroll of enchant weapon {unknown}
Potions
 d - a potion of invisibility
 e - a potion of attraction
 h - a potion of magic {unknown}
 j - a potion of flight {unknown}
 k - a potion of curing
 p - a potion of mutation {unknown}


   Skills:
 * Level 1.9 Fighting
 * Level 3.5 Dodging
 + Level 1.1 Stealth
 * Level 5.1 Unarmed Combat
 * Level 2.6 Spellcasting
 * Level 3.8 Transmutations
 * Level 1.1 Poison Magic


You had 3 spell levels left.
You knew the following spells:

 Your Spells              Type           Power      Damage    Failure   Level
a - Beastly Appendage     Tmut           26%        N/A       4%          1
b - Spider Form           Tmut/Pois      9%         N/A       22%         3
c - Wereblood             Tmut           13%        N/A       6%          2

Your spell library contained the following spells:

 Spells                   Type           Power      Damage    Failure   Level
 Necrotise                Necr           4%         1d4       22%         1
 Dazzling Flash           Conj/Hex       2%         N/A       54%         3
 Vampiric Draining        Necr           1%         2d6       54%         3
 Ice Form                 Ice/Tmut       7%         N/A       67%         4
 Iskenderun's Mystic Bla  Conj/Tloc      1%         2d3       91%         4
 Agony                    Necr           1%         N/A       99%         5
 Starburst                Conj/Fire      0%         6d3       100%        6


Dungeon Overview and Level Annotations

Branches:
Dungeon (3/15)

Altars:

Shops:
D:2 ?


Innate Abilities, Weirdness & Mutations

You have temporarily grown beastly horns.
((You are very nimble when in or above water. (Stealth+, EV+, Speed+++)))
Your lower body shifts to a powerful aquatic tail in water.


Message History

You punch the orc wizard!
You kill the orc wizard!
The orc hits you with a +0 short sword.
* * * LOW HITPOINT WARNING * * *
The orc closely misses you. The orc misses you. The orc closely misses you.
The orc attacks as you move away! The orc barely misses you.
Your transformation is almost over.
The orc attacks as you move away! The orc hits you but does no damage.
The orc attacks as you move away! The orc hits you with a +0 short sword.
* * * LOW HITPOINT WARNING * * *
Okay, then.
It was a potion of curing.
You feel better. The orc misses you. The orc closely misses you.
The orc attacks as you move away! The orc closely misses you.
Your horns disappear.
Your +0 helmet unmelds from your body.
Casting: Beastly Appendage (safe; 4% risk of failure)
Press: ? - help, Q - select action, (/) - cycle Dir - look around, f - activate You grow a pair of large bovine horns.
Your +0 helmet melds into your body.
The orc closely misses you.
You barely miss the orc. Your headbutt misses the orc.
The orc barely misses you.
You hit the orc.
The orc is lightly wounded.
The orc hits you with a +0 hand axe.
* * * LOW HITPOINT WARNING * * *
You hit the orc.
The orc is severely wounded.
The orc closely misses you.
You hit the orc but do no damage. Your headbutt misses the orc.
The orc is severely wounded.
The orc hits you with a +0 hand axe.
* * * LOW HITPOINT WARNING * * *
You hit the orc.
The orc is almost dead.
The orc hits you with a +0 hand axe.
* * * LOW HITPOINT WARNING * * *
The orc attacks as you move away! The orc hits you with a +0 hand axe.
You die...

#####.##.###.##.........#
###.##.###.######.#######
#.............# #.......#
#.............###.#####.#
#.................#...#.#
###......#.#.####.#.#.#.#
#######.#............#.#
........#.############.#
..........ooo@.........#
........################
........# ........#
........#######
...............
##...#..)......
.....#....$....
....?..........


You could see 3 orcs.

Vanquished Creatures
  A scorpion (D:3)
  Crazy Yiuf (D:2)
  Terence (D:2)
  An orc wizard (D:3)
  Robin (D:3)
  An adder (D:3)
  An orc (D:2)
  2 endoplasms
  A giant cockroach (D:2)
  12 goblins
  6 hobgoblins
  3 kobolds
  2 quokkas
  7 ball pythons
  3 bats
  3 frilled lizards
  3 rats
49 creatures vanquished.

Notes
Turn   | Place    | Note
-------+----------+-------------------------------------------
     0 | D:1      | CrazyBamboolord the Merfolk Transmuter began the quest for
                  | the Orb.
     0 | D:1      | Reached XP level 1. HP: 15/15 MP: 3/3
   158 | D:1      | Reached XP level 2. HP: 14/21 MP: 5/5
   969 | D:2      | Reached skill level 4 in Unarmed Combat
  1256 | D:2      | Noticed Terence
  1278 | D:2      | Killed Terence
  1279 | D:2      | Reached XP level 3. HP: 26/26 MP: 6/6
  1283 | D:2      | Learned a level 3 spell: Spider Form
  1286 | D:2      | Learned a level 2 spell: Wereblood
  1395 | D:2      | Found Ceicabic's Magic Scroll Boutique.
  1401 | D:2      | Bought a scroll of teleportation for 39 gold pieces
  1516 | D:2      | Found a runed translucent door.
  1517 | D:2      | Noticed Crazy Yiuf
  1694 | D:2      | Killed Crazy Yiuf
  1695 | D:2      | Reached XP level 4. HP: 9/32 MP: 3/7
  1853 | D:3      | Noticed Robin
  2002 | D:3      | Noticed a scorpion
  2052 | D:3      | Killed a scorpion
  2053 | D:3      | Reached skill level 1 in Stealth
  2053 | D:3      | Reached XP level 5. HP: 27/38 MP: 4/8
  2126 | D:3      | Killed Robin
  2212 | D:3      | Reached skill level 5 in Unarmed Combat
  2212 | D:3      | Reached skill level 1 in Poison Magic
  2466 | D:3      | HP: 1/38 [orc/+0 hand axe (6)]
  2467 | D:3      | Slain by an orc

Illustrated notes

Levels and vault maps discovered:
D:1:      dpeg_arrival_morbid_curiosity, layout_basic
D:2:      layout_loops_ring, serial_shops, nicolae_shop_behind_doors,
          minmay_liquid_box, st_stairs_10, minmay_circled_x,
          uniq_crazy_yiuf_cottage, uniq_terence
D:3:      layout_basic, mainiacjoe_overflow_surrounded_room,
          minmay_misc_feat_four_crosses, uniq_robin

Skill      XL: |  1  2  3  4  5 |
---------------+----------------+-----
Transmutations | 3 |  3.8
Unarmed Combat | 4 5 |  5.1
Dodging        | 3 |  3.5
Stealth        | 1 |  1.1
Poison Magic   | 1 |  1.1
Fighting       | |  1.9
Spellcasting   | |  2.6

Action                     |  1- 3 |  4- 6 || total
---------------------------+-------+-------++-------
  Melee: Unarmed           |    81 |    62 ||   143
         Headbutt          |     7 |     3 ||    10
         Punch             |     1 |     2 ||     3
   Cast: Beastly Appendage |    14 |    11 ||    25
         Spider Form       |     1 |     2 ||     3
    Use: Potion            |     4 |     1 ||     5
         Scroll            |     3 |       ||     3
   Stab: Invisible         |     4 |       ||     4
 Armour: Robe              |    14 |    13 ||    27
         Skin              |    12 |     1 ||    13
         Animal skin       |       |    11 ||    11
  Dodge: Dodged            |    60 |    83 ||   143

Table legend: (Time is in decaauts)
 A = Elapsed time spent in this place.
 B = Non-inter-level travel time spent in this place.
 C = Inter-level travel time spent in this place.
 D = Time resting spent in this place.
 E = Time spent auto-exploring this place.
 F = Levels seen in this place.
 G = Mean time per level.
                   A        B        C        D        E       F      G
               +--------+--------+--------+--------+--------+-----+--------+
         Total |   2459 |   2300 |    159 |    382 |   1477 |   3 |  819.7 |
       Dungeon |   2459 |   2300 |    159 |    382 |   1477 |   3 |  819.7 |
               +--------+--------+--------+--------+--------+-----+--------+

Top non-repeatable levels by time:
     D:2: 1256 daAuts
     D:1: 796 daAuts
     D:3: 406 daAuts
